AoeStats
← theoneandonlybuzzer

Arabia

506884297Analyzed
2v2 RM · 18d ago on Sep 15, 2026· 28m 40s· 4 players
Game mode
Random Map
Map size
Medium (4 player)
Population
200
Speed
Normal
Resources
Standard
Victory
Conquest
Starting age
Dark Age
Ending age
Imperial Age
RankedLock teamsTeams togetherTeam positionsShared explorationLock speedFull tech treeHidden civsTurbo modeCheats
Victory
Defeat
🇹🇷 Persians · Türkiye
1078
+16
🇹🇷 Britons · Türkiye
1078
+16
🇩🇪 Italians · Germany
1162
-19
🇩🇪 Byzantines · Germany
1000
-40
sanctamensis
6:13 Loom
9:08 Feudal Age
9:35 Double-Bit Axe
10:37 Horse Collar
16:13 Bloodlines
18:39 Castle Age
18:00 Bloodlines
21:28 Forging
21:23 Scale Barding Armor
21:22 Husbandry
26:58 Scale Mail Armor
27:47 Chain Barding Armor
NESIH ABE
9:37 Feudal Age
9:48 Loom
10:26 Double-Bit Axe
19:32 Castle Age
20:23 Crossbowman
20:57 Horse Collar
23:20 Fletching
theoneandonlybuzzer
7:26 Loom
9:39 Feudal Age
12:45 Fletching
13:24 Padded Archer Armor
19:17 Town Watch
21:56 Castle Age
20:45 Scale Barding Armor
20:41 Double-Bit Axe
22:23 Bloodlines
22:46 Husbandry
22:44 Crossbowman
24:03 Horse Collar
25:51 Gold Mining
DoriisGod
14:36 Feudal Age
Connection lost

Rejoining the realm…

Still unreachable

The connection could not be restored.

Session expired

The server has moved on; the page needs a fresh start.